 Dungeon Crawl Stone Soup version 0.29-a0-721-g7f417c9bbb (webtiles) character file.

Game seed: 3171544198864029178

256 crusatyr the Chopper (level 5, -8/42 HPs)
             Began as a Demonspawn Berserker on June 28, 2022.
             Was a Believer of Trog.
             Engulfed by a cloud of flame (20 damage)
             ... on level 3 of the Dungeon.
             The game lasted 00:03:17 (3363 turns).

crusatyr the Chopper (Demonspawn Berserker)         Turns: 3363, Time: 00:03:19

Health: -8/42      AC: 11    Str: 19    XL:     5   Next: 92%
Magic:  5/5        EV:  9    Int:  9    God:    Trog [**....]
Gold:   310        SH: 10    Dex: 12    Spells: 4/4 levels left

rFire   . . .      SeeInvis +   a - +0 hand axe
rCold   + + .      Faith    .   h - +2 buckler
rNeg    . . .      Spirit   .   l - +0 ice dragon scales
rPois   .          Reflect  .   (no helmet)
rElec   .          Harm     .   k - +0 cloak
rCorr   .          Rampage  .   (no gloves)
Will    .....                   (no boots)
Stlth   ..........              (no amulet)
HPRegen 0.14/turn               p - ring of see invisible
MPRegen 0.09/turn               b - ring of protection from fire

@: no status effects
A: hooves 1, large bone plates 1, spiny 1
a: Renounce Religion, Berserk, Trog's Hand


You were on level 3 of the Dungeon.
You worshipped Trog.
Trog was pleased with you.
You visited 1 branch of the dungeon, and saw 3 of its levels.

You collected 310 gold pieces.

Inventory:

Hand Weapons
 a - a +0 hand axe (weapon)
 u - a +0 morningstar
Armour
 h - a +2 buckler (worn)
 k - a +0 cloak (worn)
 l - +0 ice dragon scales (worn)
Jewellery
 b - a ring of protection from fire (right hand)
 p - a ring of see invisible (left hand)
Scrolls
 c - a scroll of vulnerability {unknown}
 d - a scroll of amnesia {unknown}
 e - 3 scrolls of identify {unknown}
 g - a scroll of enchant armour {unknown}
 i - a scroll of blinking {unknown}
 r - 2 scrolls of teleportation {unknown}
 s - 3 scrolls of enchant weapon {unknown}
Potions
 f - a potion of mutation {unknown}
 j - 3 potions of attraction {unknown}
 m - a potion of haste
 n - 3 potions of curing {unknown}
 o - a potion of might {unknown}
 q - a potion of cancellation {unknown}
 t - a potion of invisibility {unknown}
 v - a potion of brilliance {unknown}


   Skills:
 + Level 4.0 Fighting
 * Level 4.3 Axes
 + Level 2.9 Armour
 - Level 2.0 Dodging
 + Level 2.0 Shields


You had 4 spell levels left.
You didn't know any spells.
Your spell library was empty.

Dungeon Overview and Level Annotations

Branches:
Dungeon (3/15)

Altars:

Shops:
D:2 ?


Innate Abilities, Weirdness & Mutations

You have large cloven feet.
You are partially covered in large bone plates. (SH +4)
You are partially covered in sharp spines.


Message History

You open the door. As you open the door, it creaks loudly!
No target in view!
No target in view!
No target in view!
No target in view!
No target in view!
No target in view!
There is an open door here.
v - a lumpy blue potion
Found a stone staircase leading up.
There is an escape hatch in the floor here.
You see here a +0 falchion.
You see here a bat skeleton.
There is a stone staircase leading down here.
Partly explored, can't reach some items.
Partly explored, can't reach some items.
Really walk into a travel-excluded area? [Y]es or [N]o only, please.
Really walk into a travel-excluded area? [Y]es or [N]o only, please.
Really walk into a travel-excluded area?
You are engulfed in blazing flames.
You are engulfed in blazing flames.
You are engulfed in blazing flames.
You now have 310 gold pieces (gained 11).
You start resting.
You start resting.
HP restored.
Really walk into a travel-excluded area? [Y]es or [N]o only, please.
Really walk into a travel-excluded area?
Really walk into that cloud of flame? [Y]es or [N]o only, please.
Really walk into that cloud of flame?
You are engulfed in blazing flames.
You are engulfed in blazing flames.
* * * LOW HITPOINT WARNING * * *
You are engulfed in blazing flames.
You die...

.........##.#...#.########.#
.#..............#.########.###
......##.##.#................#
.#..#.##.##.#..#####...#####.#
...............# #§§§# #.#
...............# #°○°# #.#
.##.#.##..#.#..# #○.§# #.#
.##.#......)...#####...#####.#
.##.#.##..#.#...@§☼.....§§°..#
......###.#.#...○°§......○○..#
.#..............§○§.....○○§..#
.#..#.###.#.#..#####...#####.#
....#.# #.#.#..# #§§§# #.#
....#.# #....:.# #☼○°# #.#
....#.# #.#.#.## #.○°# #.#
...##.# #.#.#.### #...#####.#
...'..# #.###.#.# ##......#.#


There were no monsters in sight!

Vanquished Creatures
  A phantom (D:3)
  A scorpion (D:2)
  An orc wizard (D:3)
  A worm (D:2)
  A dart slug (D:1)
  4 orcs (D:3)
  13 bats
  6 endoplasms
  3 giant cockroaches
  2 goblins (D:2)
  8 hobgoblins
  14 jackals
  4 quokkas
  6 ball pythons
  5 frilled lizards
  5 kobolds
  2 rats (D:3)
77 creatures vanquished.

Vanquished Creatures (others)
  A giant cockroach (D:3)
  3 demonic plants (D:3)
  4 fungi (D:3)
  4 plants
12 creatures vanquished.

Grand Total: 89 creatures vanquished

Notes
Turn   | Place    | Note
-------+----------+-------------------------------------------
     0 | D:1      | crusatyr the Demonspawn Berserker began the quest for the
                  | Orb.
     0 | D:1      | Reached XP level 1. HP: 18/18 MP: 1/1
   275 | D:1      | Gained mutation: You are partially covered in large bone
                  | plates. (SH +4) [demonic ancestry]
   275 | D:1      | Reached XP level 2. HP: 14/24 MP: 2/2
   745 | D:1      | Reached ** piety under Trog
   746 | D:1      | Gained mutation: You have large cloven feet. [demonic
                  | ancestry]
   746 | D:1      | Reached XP level 3. HP: 25/29 MP: 3/3
  1486 | D:2      | Found Ceecat's Magic Scroll Emporium.
  1486 | D:2      | Noticed a scorpion
  1491 | D:2      | Killed a scorpion
  1492 | D:2      | Reached skill level 1 in Shields
  1492 | D:2      | Reached XP level 4. HP: 35/35 MP: 4/4
  2173 | D:3      | Noticed a phantom
  2179 | D:3      | Killed a phantom
  2180 | D:3      | Gained mutation: You are partially covered in sharp spines.
                  | [demonic ancestry]
  2180 | D:3      | Reached XP level 5. HP: 42/42 MP: 5/5
  2321 | D:3      | Found a faded altar of an unknown god.
  3363 | D:3      | Engulfed by a cloud of flame

Illustrated notes

Levels and vault maps discovered:
D:1:      minmay_arrival_up_and_down, layout_basic, minmay_shallow_snake_nest
D:2:      layout_basic, serial_shops, shop, hangedman_decor_diamond_cutter
D:3:      layout_basic, shapermc_ecumenical_altar_gd, lemuel_flame_loot_1

Skill      XL: |  1  2  3  4  5 |
---------------+----------------+-----
Axes           | 3 4 |  4.3
Armour         | 2 |  2.9
Dodging        | 2 |  2.0
Shields        | 1 2 |  2.0
Fighting       | 4 |  4.0

Action                   |  1- 3 |  4- 6 || total
-------------------------+-------+-------++-------
Melee: Hand axe          |   113 |    76 ||   189
       Punch             |     1 |       ||     1
       Kick              |     9 |    18 ||    27
Invok: Berserk           |     1 |     2 ||     3
Armor: Animal skin       |    11 |       ||    11
       Ice dragon scales |    14 |    23 ||    37
Dodge: Dodged            |    63 |    21 ||    84
Block: Buckler           |    46 |    42 ||    88
       Other             |     1 |       ||     1

Table legend: (Time is in decaauts)
 A = Elapsed time spent in this place.
 B = Non-inter-level travel time spent in this place.
 C = Inter-level travel time spent in this place.
 D = Time resting spent in this place.
 E = Time spent auto-exploring this place.
 F = Levels seen in this place.
 G = Mean time per level.
                   A        B        C        D        E       F      G
               +--------+--------+--------+--------+--------+-----+--------+
         Total |   3423 |   3372 |     51 |    324 |   2524 |   3 | 1141.0 |
       Dungeon |   3423 |   3372 |     51 |    324 |   2524 |   3 | 1141.0 |
               +--------+--------+--------+--------+--------+-----+--------+

Top non-repeatable levels by time:
     D:3: 1218 daAuts
     D:1: 1128 daAuts
     D:2: 1076 daAuts
